 Dungeon Crawl Stone Soup version 0.30.0-5-g1a98f26d00 (webtiles) character file.

Game seed: 14911486096859424342

47 konerai the Trooper (level 3, -4/40 HPs)
             Began as an Ogre Delver on May 12, 2023.
             Slain by an orc priest
             ... wielding a +0 mace
              (6 damage)
             ... on level 3 of the Dungeon.
             The game lasted 00:06:06 (1642 turns).

konerai the Trooper (Ogre Delver)                   Turns: 1642, Time: 00:06:07

Health: -4/40      AC:  4    Str: 18    XL:     3   Next: 70%
Magic:  3/3        EV: 10    Int: 11    God:
Gold:   140        SH:  0    Dex: 10    Spells: 2/2 levels left

rFire   . . .        a - +0 mace
rCold   . . .        (no shield)
rNeg    . . .        b - +0 robe
rPois   .            (helmet restricted)
rElec   .            p - +0 cloak
rCorr   .            (gloves unavailable)
SInv    .            (boots unavailable)
Will    .....        (no amulet)
Stlth   ++           (no ring)
HPRegen 0.26/turn    (no ring)
MPRegen 0.08/turn

%: no passive effects
@: no status effects
A: large, unfitting armour, tough skin 1
a: no special abilities


You were on level 3 of the Dungeon.
You visited 1 branch of the dungeon, and saw 5 of its levels.

You collected 140 gold pieces.

Inventory:

Hand Weapons
 a - a +0 mace (weapon)
Missiles
 h - 4 large rocks (quivered)
Armour
 b - a +0 robe (worn)
 p - a +0 cloak (worn)
Wands
 f - a wand of iceblast (10)
 g - a wand of digging (3)
Scrolls
 c - 2 scrolls of fog
 d - a scroll of magic mapping
 e - a scroll of fear
 j - a scroll of noise {unknown}
 l - 2 scrolls of vulnerability {unknown}
 m - 2 scrolls of teleportation {unknown}
Potions
 i - a potion of resistance
 k - 2 potions of curing
 n - 2 potions of might
 o - 2 potions of brilliance


   Skills:
 + Level 4.6 Fighting
 + Level 2.3 Maces & Flails
 + Level 2.2 Dodging
 + Level 4.0 Stealth


You had 2 spell levels left.
You didn't know any spells.
Your spell library contained the following spells:

 Spells                   Type           Power      Damage    Failure   Level
 Apportation              Tloc           0%         N/A       34%         1
 Freeze                   Ice            0%         1d3       34%         1
 Necrotise                Necr           0%         1d4       34%         1
 Summon Small Mammal      Summ           0%         N/A       34%         1
 Frozen Ramparts          Ice            0%         1d1       71%         3
 Hailstorm                Conj/Ice       0%         3d3       71%         3


Dungeon Overview and Level Annotations

Branches:
Dungeon (5/15)
 Temple: D:4-7

Altars:
Okawaru

Annotations:
D:3 1 runed translucent door, FelidPro's ghost, amateur FeCj
D:4 Ijyb


Innate Abilities, Weirdness & Mutations

You are too large for most types of armour.
You have tough skin. (AC +1)


Message History

The orc shouts!
You hit the orc.
The orc is heavily wounded.
The orc priest invokes the aid of Beogh against you.
Beogh smites you! The orc hits you but does no damage.
You closely miss the orc.
The orc is heavily wounded.
The orc priest casts a cantrip, but nothing happens.
The orc hits you with a +0 flail.
FelidPro's ghost keens inconsolably.
The orc closely misses you.
You barely miss the orc.
The orc is heavily wounded.
The orc shouts!
You hear a shout!
The orc priest calls upon Beogh to heal the orc.
The orc's wounds heal themselves!
The orc closely misses you.
You thump the orc!
You kill the orc!
The orc priest hits you with a +0 mace.
You see here a +0 flail.
You hit the orc priest.
The orc priest is moderately wounded.
The orc priest hits you with a +0 mace. x2
You closely miss the orc priest.
The orc priest is moderately wounded.
The orc priest closely misses you.
You closely miss the orc priest.
The orc priest is moderately wounded.
The orc priest invokes the aid of Beogh against you.
Beogh smites you!
* * * LOW HITPOINT WARNING * * *
You closely miss the orc priest.
The orc priest is moderately wounded.
The orc priest looks braver for a moment.
You completely miss the orc priest.
The orc priest is moderately wounded.
The orc priest looks encouraged for a moment.
A rat comes into view.
The orc priest hits you with a +0 mace.
You die...

.#..#oo #
##.#r.#oW
..
#.....#oo
#.
###....$#o.
#.#......8#
#..<.....#
#.#.......#
###)..#.#
###@..#.#
#.o[....#
#.#######
#.# #.# #.#
#o# #.# #o#


You could see an orc priest, FelidPro's ghost, 4 orcs and a rat (wandering).

Vanquished Creatures
  4 orcs
  9 endoplasms
  2 hobgoblins (D:1)
  2 jackals (D:1)
  3 quokkas
  3 ball pythons
  4 bats
  3 frilled lizards (D:1)
  5 kobolds
  4 rats
39 creatures vanquished.

Notes
Turn   | Place    | Note
-------+----------+-------------------------------------------
     0 | D:5      | konerai the Ogre Delver began the quest for the Orb.
     0 | D:5      | Reached XP level 1. HP: 24/24 MP: 1/1
   102 | D:4      | Found an iron altar of Okawaru.
   114 | D:4      | Noticed Ijyb
   159 | D:3      | Noticed an orc priest
   175 | D:3      | Found a runed translucent gate.
   277 | D:1      | Reached XP level 2. HP: 18/32 MP: 2/2
   682 | D:1      | Reached XP level 3. HP: 39/40 MP: 3/3
  1632 | D:3      | Identified the +1 leather armour "Qunuorr" {Dex+2}
  1633 | D:3      | Noticed FelidPro's ghost (amateur FeCj)
  1640 | D:3      | HP: 1/40 [orc priest/divine providence (13)]
  1642 | D:3      | Slain by an orc priest

Illustrated notes

Levels and vault maps discovered:
D:1:      dpeg_arrival_orchard, layout_rooms, hex_large
D:2:      layout_loops_ring, amethyst_killhole, minmay_misc_feat_pillars
D:3:      layout_loops_ring, kiku_gazebo_pond_becter,
          biasface_ghost_orc_armoury, shapermc_ecumenical_altar_gd
D:4:      lemuel_castle_with_subvaults [lemuel_castle_interior_carwin_3],
          layout_basic, okawaru_ov_weapons_minmay, serial_forest,
          infiniplex_forest_zigzag_1, infiniplex_forest_straight_2,
          infiniplex_forest_clump_small, infiniplex_forest_lined_corner,
          infiniplex_forest_join, infiniplex_forest_clump_long,
          infiniplex_forest_clump_diagonal, infiniplex_forest_straight_5,
          infiniplex_forest_straight_2, uniq_ijyb
D:5:      layout_loops_ring, serial_aquarium, aquarium_bridge_straight
          [aquarium_subvault_bridge, aquarium_subvault_wall,
          aquarium_subvault_bridge, aquarium_subvault_wall],
          aquarium_bridge_square [aquarium_subvault_wall,
          aquarium_subvault_balcony, aquarium_subvault_bridge,
          aquarium_subvault_window], aquarium_window_2, aquarium_window_fake,
          aquarium_window_2, aquarium_view_2c, aquarium_view_2b

Skill      XL: |  1  2 |
---------------+-------+-----
Stealth        | 4 |  4.0
Dodging        | 2 |  2.2
Maces & Flails | 2 |  2.3
Fighting       | |  4.6

Action                     || total
---------------------------++-------
  Melee: Mace              ||   145
         Punch             ||     2
  Throw: Large rock        ||     4
    Use: Potion            ||     1
         Scroll            ||     5
   Stab: Sleeping          ||     1
 Armour: Robe              ||    57
  Dodge: Dodged            ||   103
